 Dungeon Crawl Stone Soup version 0.28-a0-863-g8cecda6153 (webtiles) character file.

Game seed: 12722011430462890029

88 Lugonue the Ogre Mage (level 4, -3/39 HPs)
             Began as an Ogre Hedge Wizard on Nov 19, 2021.
             Was a Follower of Uskayaw.
             Slain by a scorpion (6 damage)
             ... on level 3 of the Dungeon.
             The game lasted 00:06:40 (3150 turns).

Lugonue the Ogre Mage (Ogre Hedge Wizard)           Turns: 3150, Time: 00:06:41

Health: -3/39      AC:  3    Str: 15    XL:     4   Next: 53%
Magic:  2/10       EV:  9    Int: 15    God:    Uskayaw [*.....]
Gold:   24         SH:  0    Dex:  8    Spells: 8/12 levels left

rFire   . . .      SeeInvis .   a - +0 mace
rCold   . . .      Faith    .   (no shield)
rNeg    . . .      Spirit   .   b - +0 robe
rPois   .          Reflect  .   c - +0 hat
rElec   .          Harm     .   (no cloak)
rCorr   .          Rampage  .   (gloves unavailable)
Will    .....                   (boots unavailable)
Stlth   ++........              (no amulet)
HPRegen 0.13/turn               (no ring)
MPRegen 0.12/turn               (no ring)

@: flying (expiring)
A: large, unfitting armour, tough skin 1
a: Renounce Religion, Stomp


You were on level 3 of the Dungeon.
You worshipped Uskayaw.
Uskayaw was noncommittal.
You visited 1 branch of the dungeon, and saw 4 of its levels.

You collected 24 gold pieces.

Inventory:

Hand Weapons
 a - a +0 mace (weapon)
 d - a +2 dagger of speed
 f - a +0 club
Armour
 b - a +0 robe (worn)
 c - a +0 hat (worn)


   Skills:
 + Level 0.2 Fighting
 + Level 1.1 Short Blades
 + Level 2.2 Dodging
 + Level 1.8 Stealth
 + Level 4.8 Spellcasting
 + Level 1.2 Conjurations
 + Level 0.8 Summonings
 + Level 0.8 Translocations


You had 8 spell levels left.
You knew the following spells:

 Your Spells              Type           Power      Damage    Failure   Level
a - Magic Dart            Conj           28%        1d4       10%         1
b - Blink                 Tloc           12%        N/A       19%         2
c - Slow                  Hex            12%        N/A       17%         1

Your spell library contained the following spells:

 Spells                   Type           Power      Damage    Failure   Level
 Call Imp                 Summ           6%         N/A       19%         2
 Conjure Flame            Conj/Fire      5%         6-21      36%         3
 Mephitic Cloud           Conj/Pois/Air  4%         N/A       38%         3
 Summon Lightning Spire   Summ/Air       4%         N/A       80%         4
 Storm Form               Tmut/Air       1%         N/A       100%        7
 Maxwell's Capacitive Co  Air            1%         ∞         100%        8


Dungeon Overview and Level Annotations

Branches:
Dungeon (4/15)
 Temple: D:4-7

Altars:
Okawaru
Uskayaw


Innate Abilities, Weirdness & Mutations

You are too large for most types of armour.
You have tough skin. (AC +1)


Message History

* * * LOW HITPOINT WARNING * * *
You feel yourself slow down.
You aren't carrying any items that you can evoke.
You are starting to lose your buoyancy.
The bat hits you but does no damage. x2
You aren't carrying any potions.
Unknown command.
You aren't carrying any scrolls.
Cast which spell? (? or * to list)
Aiming: Magic Dart (safe; 10% risk of failure)
Press: ? - help, Shift-Dir - straight line, f - scorpion
Aim: a scorpion (heavily wounded, 100% to hit)
The magic dart hits the scorpion.
The scorpion is severely wounded.
The bat hits you.
* * * LOW HITPOINT WARNING * * *
The scorpion barely misses you. The bat hits you but does no damage.
Casting: Magic Dart (safe; 10% risk of failure)
Confirm with . or Enter, or press ? or * to list all spells.
Aiming: Magic Dart (safe; 10% risk of failure)
Press: ? - help, Shift-Dir - straight line, f/p - scorpion
Aim: a scorpion (severely wounded, 100% to hit)
The magic dart hits the scorpion.
The scorpion is severely wounded.
The bat barely misses you. The scorpion closely misses you.
You can now stomp with the beat.
You aren't carrying any potions.
Unknown command.
You stomp with the beat, sending a shockwave through the revellers around you!
The bat is severely wounded.
The scorpion is almost dead.
You can no longer stomp with the beat.
The bat barely misses you. The scorpion stings you.
* * * LOW HITPOINT WARNING * * *
You can now stomp with the beat.
You barely miss the scorpion.
The scorpion is almost dead.
The bat closely misses you. The bat barely misses you. The scorpion stings you.
You die...

#.## ##.........#.#.
##...###...........)..
##.....##..........##.#
#.......#..........##§#
#.?................##..
#...?...........)..####
#................## #
##.....s.........## #
#.....@.##....#.#######
#....b..###............
#.......# #.........###
#......## #.........#
#.#...## #.........# #
#### #..(..<...#
#.........# ###########


You could see a scorpion and a bat.

Vanquished Creatures
  An orc wizard (D:3)
  3 dart slugs
  4 orcs
  7 ball pythons
  3 endoplasms (D:1)
  6 goblins
  3 hobgoblins (D:1)
  3 jackals (D:2)
  8 bats
  2 frilled lizards
  9 kobolds
  2 rats
51 creatures vanquished.

Notes
Turn   | Place    | Note
-------+----------+-------------------------------------------
     0 | D:1      | Lugonue the Ogre Hedge Wizard began the quest for the Orb.
     0 | D:1      | Reached XP level 1. HP: 16/16 MP: 5/5
   858 | D:1      | Reached XP level 2. HP: 20/24 MP: 6/6
   874 | D:1      | Learned a level 2 spell: Blink
   876 | D:1      | Learned a level 1 spell: Slow
  1037 | D:1      | Reached skill level 4 in Spellcasting
  1267 | D:1      | Found a faded altar of an unknown god.
  1285 | D:1      | Prayed at the altar of an unknown god.
  1285 | D:1      | Became a worshipper of Uskayaw the Reveller
  1285 | D:1      | Reached * piety under Uskayaw
  1505 | D:1      | Reached ** piety under Uskayaw
  1507 | D:1      | Reached XP level 3. HP: 31/31 MP: 4/8
  2232 | D:2      | You fall into a shaft and drop 2 floors!
  2233 | D:4      | Noticed a scorpion
  2579 | D:3      | Found an iron altar of Okawaru.
  2600 | D:3      | Reached skill level 1 in Conjurations
  2600 | D:3      | Reached XP level 4. HP: 20/39 MP: 7/10
  2789 | D:2      | Reached skill level 1 in Short Blades
  2790 | D:2      | Reached *** piety under Uskayaw
  3150 | D:3      | Slain by a scorpion

Illustrated notes

Levels and vault maps discovered:
D:1:      dpeg_arrival_line_fractal, layout_loops_corners,
          hellmonk_ecumenical_altar_pennies_from_heaven, st_stairs_9
D:2:      kennysheep_six_static_rooms, layout_basic, st_stairs_1, minivault_14
D:3:      layout_rooms, nicolae_overflow_crystal_walls
D:4:      layout_cave_pools

Skill      XL: |  1  2  3  4 |
---------------+-------------+-----
Dodging        | 2 |  2.2
Spellcasting   | 4 |  4.8
Conjurations   | 1 |  1.2
Short Blades   | 1 |  1.1
Fighting       | |  0.2
Stealth        | |  1.8
Summonings     | |  0.8
Translocations | |  0.8

Action                   |  1- 3 |  4- 6 || total
-------------------------+-------+-------++-------
Melee: Dagger            |    72 |    26 ||    98
       Mace              |       |    23 ||    23
 Cast: Magic Dart        |    34 |    19 ||    53
Invok: Stomp             |       |     2 ||     2
  Use: Scroll            |     4 |       ||     4
       Potion            |     1 |     4 ||     5
 Stab: Paralysed         |       |     2 ||     2
Armor: Robe              |    29 |    45 ||    74
Dodge: Dodged            |    34 |    54 ||    88

Table legend: (Time is in decaauts)
 A = Elapsed time spent in this place.
 B = Non-inter-level travel time spent in this place.
 C = Inter-level travel time spent in this place.
 D = Time resting spent in this place.
 E = Time spent auto-exploring this place.
 F = Levels seen in this place.
 G = Mean time per level.
                   A        B        C        D        E       F      G
               +--------+--------+--------+--------+--------+-----+--------+
         Total |   3123 |   3089 |     34 |    806 |   1771 |   4 |  780.8 |
       Dungeon |   3123 |   3089 |     34 |    806 |   1771 |   4 |  780.8 |
               +--------+--------+--------+--------+--------+-----+--------+

Top non-repeatable levels by time:
     D:1: 2047 daAuts
     D:3: 569 daAuts
     D:2: 489 daAuts
     D:4: 16 daAuts
